[Event "Late-Titled-Tuesday-Blitz-October-10-2023"]
[Site "Chess.com"]
[Date "2023.10.10"]
[Round "6"]
[White "Cheer_Down"]
[Black "pinguino120"]
[Result "1-0"]
[WhiteElo "2461"]
[BlackElo "2232"]
[TimeControl "180+1"]
[EndTime "15:01:31 PDT"]
[Termination "Cheer_Down won by resignation"]

1. e4 c5 2. Nf3 d6 3. d4 cxd4 4. Nxd4 Nf6 5. Nc3 a6 6. Bg5 h6 7. Bxf6 gxf6 8. Qh5 Nc6 9. Nf5 e6 10. Ne3 Qa5 11. Qxa5 Nxa5 12. O-O-O Bd7 13. Kb1 Be7 14. f4 b5 15. a3 O-O-O 16. f5 Nc6 17. a4 Na7 18.
axb5 axb5 19. b4 Kb7 20. Kb2 Kb6 21. Kb3 Rhe8 22. Be2 Rc8 23. Ra1 Nc6 24. Nxb5 Ne5 25. Nd4 Ra8 26. Nc4+ Nxc4 27. Bxc4 Bf8 28. fxe6 fxe6 29.
Rxa8 Rxa8 30. Bxe6 Ba4+ 31. Kb2 d5 32. Bxd5 Bxb4 33.
Bxa8 1-0

[Event "Late-Titled-Tuesday-Blitz-October-10-2023"]
[Site "Chess.com"]
[Date "2023.10.10"]
[Round "6"]
[White "YouShallNotPass001"]
[Black "Arteler"]
[Result "1-0"]
[WhiteElo "2428"]
[BlackElo "2590"]
[TimeControl "180+1"]
[EndTime "15:01:34 PDT"]
[Termination "YouShallNotPass001 won by resignation"]

1. Nf3 d5 2. e3 Nf6 3. Be2 c5 4. O-O Nc6 5. d4 cxd4 6. exd4 Bf5 7.
c3 e6 8. a4 h6 9. Bf4 Be7 10.
Re1 O-O 11. Nbd2 Rc8 12. b4 Nh5 13. Bg3 Nxg3 14. hxg3 a5 15. b5 Nb8 16. c4 Bb4 17. c5 Nd7 18. Bf1 Re8 19. Re3 e5 20. c6 bxc6 21. bxc6 Rxc6 22. Bb5 Rc2 23. dxe5 d4 24.
Rb3 Nc5 25. Rxb4 axb4 26. Bxe8 Qxe8 27. Nxd4 Rxd2 28. Qxd2 Qxe5 29. Re1 Qd5 30. Qxb4 Nd3 31. Re8+ Kh7 32. Qb5 Nc5 33. Nxf5 Qxf5 34. Re1 Qc2 35.
a5 Nd3 36. Rf1 Nc1 37. a6 Ne2+ 38. Kh2 Nd4 39. Qb1 1-0

[Event "Late-Titled-Tuesday-Blitz-October-10-2023"]
[Site "Chess.com"]
[Date "2023.10.10"]
[Round "6"]
[White "ural58"]
[Black "WDCH"]
[Result "0-1"]
[WhiteElo "2524"]
[BlackElo "2725"]
[TimeControl "180+1"]
[EndTime "15:01:35 PDT"]
[Termination "WDCH won on time"]

1. e4 c5 2. b3 d6 3. Bb2 Nf6 4.
Bxf6 exf6 5. Bd3 g6 6. Nc3 Bg7 7. f4 O-O 8. Qf3 Re8 9. Nge2 Nc6 10. O-O a6 11. a4 Rb8 12. f5 Ne5 13. Qg3 Bh6 14. Nf4 Kh8 15. Ncd5 Rg8 16. Qh4 Bg5 17. Qh3 b5 18. axb5 axb5 19. Ra7 Rg7 20. Qe3 c4 21. Be2 gxf5 22. exf5 Bxf5 23. d4 Bxc2 24. dxe5 dxe5 25. Qc3 exf4 26. bxc4 bxc4 27. Bxc4 Bg6 28. Qa5 Be4 29. Qxd8+ Rxd8 0-1

[Event "Late-Titled-Tuesday-Blitz-October-10-2023"]
[Site "Chess.com"]
[Date "2023.10.10"]
[Round "6"]
[White "MathiasWomacka"]
[Black "Rodalquilar"]
[Result "0-1"]
[WhiteElo "2528"]
[BlackElo "2743"]
[TimeControl "180+1"]
[EndTime "15:01:36 PDT"]
[Termination "Rodalquilar won by resignation"]

1. e4 d5 2. exd5 Qxd5 3. Nc3 Qa5 4. d4 Nf6 5. Nf3 Bf5 6. Bd2 e6 7. Bc4 Bb4 8. a3 Bxc3 9. Bxc3 Qb6 10. Qe2 O-O 11.
O-O-O Nc6 12. Ne5 Rad8 13. Nxc6 Qxc6 14. f3 Nd5 15. Bd2 Nb6 16. Bb3 Rxd4 17. g4 Bg6 18. h4 Rfd8 19. h5 Bd3 20. Qe5 Bxc2 21. Bc3 Bxd1 22. Rxd1 Rxd1+ 23. Bxd1 f6 24. Qe2 Nd5 25. Bb3 Nxc3 26. Qxe6+ Qxe6 27. Bxe6+ Kf8 28. bxc3 Rd3 0-1

[Event "Late-Titled-Tuesday-Blitz-October-10-2023"]
[Site "Chess.com"]
[Date "2023.10.10"]
[Round "6"]
[White "IlanSchnaider"]
[Black "karwowskikacper"]
[Result "1-0"]
[WhiteElo "2781"]
[BlackElo "2549"]
[TimeControl "180+1"]
[EndTime "15:01:42 PDT"]
[Termination "IlanSchnaider won by checkmate"]

1. e4 c5 2. Nf3 e6 3. d4 cxd4 4. Nxd4 Nf6 5. Nc3 Nc6 6. Nxc6 bxc6 7. e5 Nd5 8. Ne4 Qc7 9. f4 Qb6 10. c4 Bb4+ 11. Ke2 Ba6 12. Kf3 f5 13. Nd6+ Bxd6 14. cxd5 Bc5 15. dxe6 dxe6 16. Bxa6 Qxa6 17. Qb3 Kf7 18.
Be3 Bxe3 19. Qxe3 Rhd8 20. Rhd1 Rab8 21. b3 Qb6 22. Rxd8 Rxd8 23. Rc1 Qa6 24. Rc4 Rd5 25. a4 c5 26. Kf2 Qb6 27. Qc3 a5 28. g3 h5 29. Kg2 Qb7 30. Kh3 Rd1 31. Rxc5 Qh1 32. Rc7+ Kg6 33. Qc4 Rd5 34. Qc6 Qf1+ 35. Kh4 Rxe5 36.
Qe8+ Kf6 37. Qf7# 1-0

[Event "Late-Titled-Tuesday-Blitz-October-10-2023"]
[Site "Chess.com"]
[Date "2023.10.10"]
[Round "6"]
[White "nihalsarin"]
[Black "Beca95"]
[Result "1-0"]
[WhiteElo "3110"]
[BlackElo "2850"]
[TimeControl "180+1"]
[EndTime "15:01:43 PDT"]
[Termination "nihalsarin won by resignation"]

1. d4 d6 2. e4 Nf6 3. Nc3 e5 4.
Nf3 Nbd7 5. Bc4 Be7 6. O-O h6 7. Re1 c6 8. a4 Qc7 9. a5 g5 10. d5 Nf8 11. a6 b5 12. Bf1 b4 13. Ne2 cxd5 14. exd5 Ng6 15. c3 g4 16. Nd2 Nxd5 17.
cxb4 O-O 18. Ne4 Nxb4 19. Bxh6 Re8 20. Rc1 Qb6 21. Be3 Qd8 22. N2g3 Be6 23. Nh5 f5 24.
Nc3 Kf7 25. Nb5 Rh8 26. Ng3 f4 27. Nc7 Qd7 28. Bb5 Qc8 29. Bd2 fxg3 30. hxg3 Na2 31.
Rc4 d5 32. Nxd5 Qd8 33. Nc7 Rb8 34. Nxe6 Kxe6 35. Rc6+ Bd6 36. Qxg4+ Kf7 37. Bc4+ Kg7 38. Bxa2 Rb6 39. Rxb6 Qxb6 40. Bb1 Bc5 41. Qxg6+ Qxg6 42. Bxg6 Kxg6 43. Rxe5 1-0

[Event "Late-Titled-Tuesday-Blitz-October-10-2023"]
[Site "Chess.com"]
[Date "2023.10.10"]
[Round "6"]
[White "NelsonLinda"]
[Black "emiliochess"]
[Result "1-0"]
[WhiteElo "2588"]
[BlackElo "2338"]
[TimeControl "180+1"]
[EndTime "15:01:47 PDT"]
[Termination "NelsonLinda won by resignation"]

1. b3 d5 2. Bb2 c5 3. g3 Nf6 4. Bg2 Nc6 5. Nf3 g6 6. d4 cxd4 7. Nxd4 Bg7 8. Nxc6 bxc6 9. c4 O-O 10. cxd5 cxd5 11.
O-O Bb7 12. Nd2 Qa5 13. Nf3 Rfd8 14. a3 Rac8 15. b4 Qa6 16. Rc1 Rxc1 17. Bxc1 Ne4 18. Qd3 Qxd3 19. exd3 Nc3 20. Re1 e6 21. Be3 a6 22.
Nd4 Rc8 23. Nb3 Bc6 24. Nc5 Bb5 25. Bf1 d4 26. Bd2 Na4 27. Nxa4 Bxa4 28. Rc1 Rxc1 29.
Bxc1 f5 30. Be2 Kf7 31. f4 e5 32. fxe5 Bxe5 33. Kf2 Ke6 34. Bf3 Bb5 35. Ke2 h5 36. Bf4 Bf6 37. h4 Be5 38. Kd2 Bf6 39. Bd1 Bc6 40.
Bb3+ Bd5 41. Bc4 a5 42. bxa5 Bd8 43. a6 Bb6 44. Bb8 1-0

[Event "Late-Titled-Tuesday-Blitz-October-10-2023"]
[Site "Chess.com"]
[Date "2023.10.10"]
[Round "6"]
[White "KorolDimitriy75"]
[Black "chosenpr"]
[Result "0-1"]
[WhiteElo "2403"]
[BlackElo "2274"]
[TimeControl "180+1"]
[EndTime "15:01:48 PDT"]
[Termination "chosenpr won on time"]

1. d4 Nf6 2. c4 e6 3. Nc3 Bb4 4.
Qc2 Nc6 5. Nf3 d6 6. e4 e5 7.
d5 Nd4 8. Nxd4 exd4 9. Qa4+ Bd7 10. Qxb4 dxc3 11. Bd3 cxb2 12. Bxb2 O-O 13. O-O a5 14.
Qc3 c6 15. h3 Rc8 16. Qd4 Re8 17. f4 cxd5 18. cxd5 b5 19. e5 Nh5 20. Rf3 Qe7 21.
g4 Nxf4 22. Qxf4 dxe5 23. Qe4 g6 24. Raf1 Qc5+ 25. Kh2 Re7 26. R1f2 Rd8 27. Rf6 Bc8 0-1

[Event "Late-Titled-Tuesday-Blitz-October-10-2023"]
[Site "Chess.com"]
[Date "2023.10.10"]
[Round "6"]
[White "Denis_Makhnyov"]
[Black "Grandmaster1369"]
[Result "1-0"]
[WhiteElo "2922"]
[BlackElo "2764"]
[TimeControl "180+1"]
[EndTime "15:01:49 PDT"]
[Termination "Denis_Makhnyov won by resignation"]

1. d4 Nf6 2. c4 e6 3. g3 Bb4+ 4. Bd2 Qe7 5. Bg2 O-O 6. e3 Bxd2+ 7. Qxd2 d6 8. Nc3 e5 9. Nge2 c6 10. e4 Re8 11. O-O a5 12. Rfe1 Na6 13. h3 h6 14.
Rad1 Be6 15. b3 Qc7 16. Rc1 Rad8 17. Nd5 cxd5 18. cxd5 Qb6 19. dxe6 Rxe6 20. Rc4 Ree8 21. Rec1 d5 22. exd5 Nxd5 23. dxe5 Ndb4 24. Rd4 Nc6 25. Bxc6 bxc6 26. Rxc6 Rxd4 27. Nxd4 Qb7 28. Qxa5 Nb8 29. Rd6 Qe4 30. Rd8 Rxd8 31. Qxd8+ Kh7 32. Qxb8 Qxd4 33. Qb7 Kg6 34. Qc6+ Kf5 35. Qf3+ Ke6 36. Qg4+ 1-0

[Event "Late-Titled-Tuesday-Blitz-October-10-2023"]
[Site "Chess.com"]
[Date "2023.10.10"]
[Round "6"]
[White "rychessmaster1"]
[Black "Cayse"]
[Result "0-1"]
[WhiteElo "2698"]
[BlackElo "2862"]
[TimeControl "180+1"]
[EndTime "15:01:51 PDT"]
[Termination "Cayse won by resignation"]

1. d4 d5 2. c4 e6 3. Nf3 Nf6 4.
Nc3 Nbd7 5. Bf4 Bb4 6. e3 c5 7.
Qb3 Qa5 8. Bd3 cxd4 9. exd4 dxc4 10. Bxc4 Nb6 11. Bc7 Bd7 12. a3 Bxc3+ 13. bxc3 Nfd5 14.
Bxd5 Qxd5 15. Qc2 Ba4 16. Qe2 Bb5 17. Qe5 f6 18. Qxd5 Nxd5 19. Ba5 b6 20. a4 Bd7 21. c4 Nf4 22. Bd2 Nd3+ 23. Ke2 Nb2 24. a5 Nxc4 25.
axb6 Nxb6 26. Rhb1 O-O 27. Bb4 Rfc8 28. Bc5 Na4 29. Rb7 Bc6 30. Re7 e5 31. Rxa7 Rxa7 32. Bxa7 Ra8 33. dxe5 Rxa7 34. Rc1 Bxf3+ 35. Kxf3 fxe5 36.
Ke4 Ra5 37. Rc7 Nc5+ 38. Kf5 g6+ 39. Kg5 Ne6+ 0-1

[Event "Late-Titled-Tuesday-Blitz-October-10-2023"]
[Site "Chess.com"]
[Date "2023.10.10"]
[Round "6"]
[White "angryspacevoid"]
[Black "FaustinoOro"]
[Result "1-0"]
[WhiteElo "2551"]
[BlackElo "2853"]
[TimeControl "180+1"]
[EndTime "15:01:52 PDT"]
[Termination "angryspacevoid won by resignation"]

1. e4 e5 2. Nf3 Nc6 3. c3 Nf6 4. d4 exd4 5. e5 Nd5 6. Bc4 Nb6 7. Bb3 d5 8. cxd4 Bg4 9. Be3 Bb4+ 10. Nbd2 O-O 11.
a3 Ba5 12. Ba2 Nc4 13. b4 Bb6 14. h3 Bxf3 15. Nxf3 Nxa3 16. b5 Nxb5 17. Qd3 a6 18.
h4 Nb4 19. Qf5 Qc8 20. Qh5 g6 21. Qh6 f6 22. h5 Qf5 23. Bb1 Nc2+ 24. Kd2 Nxe3 25.
Kxe3 Bxd4+ 26. Kd2 Bc3+ 27. Kc1 Qg4 28. hxg6 Bd2+ 29. Nxd2 1-0

[Event "Late-Titled-Tuesday-Blitz-October-10-2023"]
[Site "Chess.com"]
[Date "2023.10.10"]
[Round "6"]
[White "German_Bazeev"]
[Black "Zq1"]
[Result "1-0"]
[WhiteElo "2802"]
[BlackElo "2561"]
[TimeControl "180+1"]
[EndTime "15:01:55 PDT"]
[Termination "German_Bazeev won by resignation"]

1. c4 e6 2. Nf3 d5 3. g3 d4 4. Bg2 c5 5. O-O Nc6 6. e3 Nf6 7. exd4 cxd4 8. d3 Bd6 9. Bg5 h6 10. Bxf6 Qxf6 11. Nbd2 Qd8 12. Rc1 O-O 13. c5 Be7 14. a3 e5 15. Re1 Bf6 16. Ne4 a5 17. Nd6 Qc7 18. Nd2 Be6 19. Qa4 Rab8 20. N2c4 Bd7 21. Nb6 Be7 22. Nxd7 Qxd7 23. Nxb7 Qxb7 24.
Bxc6 Qxb2 25. Bd7 Rb3 26. c6 Rxa3 27. Qc4 Bd6 28. c7 Bxc7 29. Qxc7 Rxd3 30. Qxe5 Rd2 31. Qf4 d3 32. Bc6 Rc8 33. Bd5 Rdc2 34. Qxf7+ Kh8 35. Re8+ Rxe8 36. Qxe8+ 1-0

[Event "Late-Titled-Tuesday-Blitz-October-10-2023"]
[Site "Chess.com"]
[Date "2023.10.10"]
[Round "6"]
[White "jguerramzllo"]
[Black "Witaliss"]
[Result "0-1"]
[WhiteElo "2638"]
[BlackElo "2530"]
[TimeControl "180+1"]
[EndTime "15:01:56 PDT"]
[Termination "Witaliss won by resignation"]

1. e4 c6 2. d4 d5 3. Nc3 dxe4 4. Nxe4 Nd7 5. Bd3 Ngf6 6. Ng5 e6 7. N1f3 Bd6 8. O-O h6 9. Ne4 Nxe4 10. Bxe4 Nf6 11. Bd3 O-O 12. c3 b6 13. Ne5 Bb7 14. Qf3 Rc8 15. Qg3 Kh8 16. Qh3 Ng8 17. f4 c5 18. Be3 cxd4 19. Bxd4 Bc5 20. Bxc5 Rxc5 21. Rad1 Qe7 22. Bc2 Rd5 23. c4 Rxd1 24. Rxd1 Nf6 25. Qe3 Kg8 26. Qd4 Rc8 27. b3 Qc7 28. Qd6 Qxd6 29.
Rxd6 Kf8 30. Nd7+ Ke7 31. Nxf6 Kxd6 32. Nh5 g6 33. Nf6 h5 34. g4 hxg4 35. Nxg4 Ke7 36. Kf2 Rd8 37. Ke3 Rh8 38. Bd1 Rh3+ 39. Kf2 Rc3 40.
h4 Rh3 0-1

[Event "Late-Titled-Tuesday-Blitz-October-10-2023"]
[Site "Chess.com"]
[Date "2023.10.10"]
[Round "6"]
[White "Dacean99"]
[Black "Atanejhad"]
[Result "1-0"]
[WhiteElo "2588"]
[BlackElo "2377"]
[TimeControl "180+1"]
[EndTime "15:01:56 PDT"]
[Termination "Dacean99 won by resignation"]

1. d4 d5 2. Nf3 Nf6 3. c4 c6 4. Nc3 e6 5. e3 Bd6 6. Bd3 dxc4 7. Bxc4 Nbd7 8. O-O O-O 9. e4 e5 10. h3 Qe7 11.
Re1 b5 12. Bb3 a6 13. Be3 Bb7 14. Rc1 Rfd8 15. Qe2 c5 16. dxc5 Nxc5 17. Bxc5 Bxc5 18. Ng5 Rf8 19. Nd5 Nxd5 20. exd5 Bd6 21. Qh5 h6 22. Ne4 f5 23. Nxd6 Qxd6 24. Rc7 Bxd5 25. Bxd5+ Qxd5 26. Rd1 Qe6 27. Rdd7 Qf6 28. Qh4 g5 29. Qg3 Rad8 30. Qb3+ 1-0

[Event "Late-Titled-Tuesday-Blitz-October-10-2023"]
[Site "Chess.com"]
[Date "2023.10.10"]
[Round "6"]
[White "HajiyevKanan"]
[Black "falzehope0"]
[Result "1-0"]
[WhiteElo "2564"]
[BlackElo "2351"]
[TimeControl "180+1"]
[EndTime "15:01:58 PDT"]
[Termination "HajiyevKanan won on time"]

1. d4 e6 2. Nf3 d5 3. c4 c6 4. cxd5 exd5 5. Nc3 f5 6. Qc2 Bd6 7. Bg5 Nf6 8. e3 O-O 9. Bd3 Qe8 10. Bxf6 Rxf6 11. O-O-O b5 12. h3 Na6 13. Qe2 Nb4 14.
Bb1 Qd8 15. Rdg1 Qa5 16. g4 Na6 17. Ne5 Nb8 18. f4 b4 19. Nd1 c5 20. gxf5 cxd4 21. exd4 Ba6 22. Qg4 Qc7+ 23. Kd2 Bf8 24. Ne3 b3 25. Nxd5 Qa5+ 26. Nc3 Nc6 27. Nd7 Rd6 28. Nxf8 Rxd4+ 29. Kc1 Qc7 30. Ne6 Rd1+ 31. Rxd1 Qf7 32. Rhg1 Nb4 33. Qxg7+ Qxg7 34. Rxg7+ Kh8 35. Rdd7 1-0

[Event "Late-Titled-Tuesday-Blitz-October-10-2023"]
[Site "Chess.com"]
[Date "2023.10.10"]
[Round "6"]
[White "Gentlejimmy7"]
[Black "Zampronha1971"]
[Result "1/2-1/2"]
[WhiteElo "2494"]
[BlackElo "2302"]
[TimeControl "180+1"]
[EndTime "15:01:59 PDT"]
[Termination "Game drawn by repetition"]

1. c4 e6 2. g3 d5 3. Bg2 Nf6 4. Nf3 Be7 5. O-O O-O 6. d4 c6 7. Nbd2 Nbd7 8. b3 b6 9. Bb2 Bb7 10. Ne5 Rc8 11. Rc1 c5 12. Nxd7 Qxd7 13. dxc5 bxc5 14.
cxd5 exd5 15. e4 d4 16. Re1 Rfe8 17. Qc2 Bf8 18. Nc4 d3 19. Qc3 Nxe4 20. Qa5 d2 21. Nxd2 Nxd2 22. Bxb7 Qxb7 23. Qxd2 Rxe1+ 24. Qxe1 Qa6 25. Qc3 Qe2 26. Qc2 Qa6 27. a4 Rb8 28. Ba3 c4 29. Bxf8 cxb3 30. Qc3 Kxf8 31. Qc7 Qb7 32. Qc5+ Kg8 33.
Rb1 b2 34. Qc3 h6 35. h4 a6 36. a5 Qb5 37. Qc7 Qb7 38. Qc3 h5 39. Qc5 g6 40.
Qc3 Qb5 41. Qc7 Re8 42. Qc3 Re2 43. Qc8+ Kg7 44. Qc3+ Kh7 45. Qf3 Re7 46. Qf6 Rb7 47. Qc3 Qb3 48. Qc6 Qb5 49. Qc3 Qb4 50. Qc6 Qb5 51. Qc3 1/2-1/2

[Event "Late-Titled-Tuesday-Blitz-October-10-2023"]
[Site "Chess.com"]
[Date "2023.10.10"]
[Round "6"]
[White "Joshukid"]
[Black "jcibarra"]
[Result "0-1"]
[WhiteElo "2568"]
[BlackElo "2888"]
[TimeControl "180+1"]
[EndTime "15:02:01 PDT"]
[Termination "jcibarra won on time"]

1. Nf3 d6 2. d4 Nf6 3. e3 g6 4. b3 Bg7 5. Bb2 O-O 6. Be2 Nbd7 7. O-O b6 8. c4 Bb7 9. d5 e5 10. dxe6 fxe6 11. Nc3 a5 12. Qc2 Nc5 13. Rad1 Qe7 14. Nb5 e5 15. Nc3 e4 16. Nd4 Rae8 17. a3 Ncd7 18.
Nd5 Qd8 19. Nxc7 Qxc7 20. Nb5 Qb8 21. Nxd6 Re7 22. b4 axb4 23. axb4 Bc6 24. c5 bxc5 25. Bc4+ Kh8 26. b5 Ba8 27. Qb3 h6 28. h3 Kh7 29. Rd2 Nb6 30. Rfd1 Rd8 31. Ba3 Qc7 32.
Qc3 Red7 33. Nf7 Ng4 34. Rxd7 Rxd7 35. Rxd7 Qxd7 36. Qc2 Nxc4 0-1

[Event "Late-Titled-Tuesday-Blitz-October-10-2023"]
[Site "Chess.com"]
[Date "2023.10.10"]
[Round "6"]
[White "biostatistician"]
[Black "Dhaydon19"]
[Result "1-0"]
[WhiteElo "2567"]
[BlackElo "2769"]
[TimeControl "180+1"]
[EndTime "15:02:01 PDT"]
[Termination "biostatistician won by resignation"]

1. d4 Nf6 2. Nf3 b6 3. c4 e6 4. Nc3 Bb7 5. Bg5 Be7 6. e3 O-O 7.
Bd3 c5 8. O-O cxd4 9. exd4 d5 10. Qe2 dxc4 11. Bxc4 Nc6 12. Rad1 Na5 13. Bd3 Rc8 14. Ne5 Nd5 15. Qh5 f5 16. Bxe7 Qxe7 17. Nxd5 Bxd5 18. b3 Rc7 19. Rfe1 Rfc8 20. Nf3 Qf6 21. h3 g6 22. Qg5 Kg7 23. Qf4 Bxf3 24. Qxf3 Nc6 25. d5 Nd4 26. Qe3 exd5 27. Ba6 Nc2 28.
Qd2 Nxe1 29. Bxc8 Nc2 30. Ba6 Qc3 31. Qxd5 Nb4 32. Qb5 Nxa2 33. Rd7+ Kh6 34. Rxc7 Qxc7 35. Qe2 Qc1+ 36. Kh2 Nc3 37. Qe7 Qf4+ 38. Kg1 Ne4 39. Qf8+ Kh5 40. Be2+ Kh4 41. Qe7+ Qg5 42. Qxh7+ 1-0

[Event "Late-Titled-Tuesday-Blitz-October-10-2023"]
[Site "Chess.com"]
[Date "2023.10.10"]
[Round "6"]
[White "hakanazeri2"]
[Black "schack_vit"]
[Result "1-0"]
[WhiteElo "2612"]
[BlackElo "2473"]
[TimeControl "180+1"]
[EndTime "15:02:02 PDT"]
[Termination "hakanazeri2 won by resignation"]

1. Nf3 d5 2. d4 Nf6 3. c4 c6 4.
Nc3 e6 5. Bg5 h6 6. Bxf6 Qxf6 7.
e3 Nd7 8. a3 Bd6 9. e4 dxe4 10.
Nxe4 Qe7 11. Nxd6+ Qxd6 12. Bd3 O-O 13. O-O b6 14. b4 Bb7 15. c5 Qe7 16. Be4 Rfd8 17.
Qc2 e5 18. Rfe1 Qf6 19. dxe5 Qe7 20. cxb6 axb6 21. Nd4 Nxe5 22. Nxc6 Bxc6 23. Bxc6 Rac8 24. b5 Qd6 25. Rad1 Qf6 26. Rxd8+ Rxd8 27. Qc3 Nxc6 28. Qxf6 gxf6 29. bxc6 Rc8 30. Rc1 Rc7 31. g4 Kf8 32. Kg2 Ke7 33. Kg3 Kd6 34. Kh4 Ra7 35. c7 Rxc7 36.
Rxc7 Kxc7 37. Kh5 Kc6 38. Kxh6 Kb5 39. Kg7 Ka4 40. h4 Kxa3 41. h5 b5 42. h6 b4 43.
h7 b3 44. h8=Q b2 45. Qa8+ Kb3 46. Qb8+ Kc2 47. Kxf6 b1=Q 48. Qxb1+ Kxb1 49. Kxf7 1-0

[Event "Late-Titled-Tuesday-Blitz-October-10-2023"]
[Site "Chess.com"]
[Date "2023.10.10"]
[Round "6"]
[White "vyprd"]
[Black "borocotoajua"]
[Result "0-1"]
[WhiteElo "2359"]
[BlackElo "2564"]
[TimeControl "180+1"]
[EndTime "15:02:02 PDT"]
[Termination "borocotoajua won by checkmate"]

1. e4 c6 2. d4 d5 3. exd5 cxd5 4.
Bd3 Nc6 5. c3 Nf6 6. h3 e5 7. dxe5 Nxe5 8. Nf3 Nxd3+ 9. Qxd3 Bd6 10. O-O O-O 11. Be3 Re8 12. Nbd2 Ne4 13. Rad1 Bf5 14.
Nd4 Bg6 15. Nxe4 Bxe4 16. Qd2 Qf6 17. f3 Qe5 18. Rfe1 Qh2+ 19. Kf1 Bg6 20. Bg1 Qh1 21. Rxe8+ Rxe8 22. Re1 Rd8 23. Qg5 f6 24. Qg4 Be5 25. Rd1 Re8 26. Ne2 Bc2 27. Rd2 Bg6 28. Rxd5 Bf7 29.
Rd7 h5 30. Qa4 Bh2 31. Rd2 Bg6 32. Qd4 Kh7 33. Rd1 Re7 34. Nf4 Bf7 35. Qd3+ g6 36. Nxh5 Qxg1# 0-1

[Event "Late-Titled-Tuesday-Blitz-October-10-2023"]
[Site "Chess.com"]
[Date "2023.10.10"]
[Round "6"]
[White "Krakozia"]
[Black "GMG"]
[Result "1-0"]
[WhiteElo "2987"]
[BlackElo "2717"]
[TimeControl "180+1"]
[EndTime "15:02:03 PDT"]
[Termination "Krakozia won by resignation"]

1. c4 f5 2. d4 Nf6 3. Nf3 e6 4. e3 b6 5. Bd3 Bb7 6. O-O g6 7.
Nc3 Bg7 8. b4 a5 9. b5 O-O 10.
Ba3 Re8 11. Rc1 Ne4 12. Bxe4 fxe4 13. Nd2 d5 14. c5 bxc5 15. Bxc5 Nd7 16. Na4 e5 17. Nb3 c6 18. b6 Ba6 19. Re1 Bb5 20. Nc3 Nxb6 21. dxe5 Nc4 22. Nxb5 cxb5 23. Bd4 Bxe5 24.
Rc2 Bc7 25. Ba1 Qd6 26. g3 Bb6 27. Kg2 Rf8 28. Nd4 b4 29. Rxc4 dxc4 30. Nf5 Rxf5 31.
Qxd6 1-0

[Event "Late-Titled-Tuesday-Blitz-October-10-2023"]
[Site "Chess.com"]
[Date "2023.10.10"]
[Round "6"]
[White "Korchmar_Vasiliy"]
[Black "nicholas_ilic"]
[Result "1-0"]
[WhiteElo "2763"]
[BlackElo "2327"]
[TimeControl "180+1"]
[EndTime "15:02:03 PDT"]
[Termination "Korchmar_Vasiliy won by checkmate"]

1. e4 c5 2. d4 cxd4 3. Qxd4 Nc6 4. Qd3 g6 5. Nc3 Bg7 6. Nf3 d6 7. Be2 Nf6 8. O-O O-O 9. Nd5 Nxd5 10. exd5 Bf5 11. Qd1 Ne5 12. Nxe5 Bxe5 13. c3 Bg7 14. a4 a6 15. a5 Rc8 16. Be3 h5 17. Qd2 Qd7 18.
Rfe1 e5 19. dxe6 fxe6 20. Rad1 d5 21. Bh6 Qf7 22. Bxg7 Kxg7 23. Bf3 Rfe8 24. Re5 Qc7 25. Qd4 Kh7 26. Rde1 Rf8 27. Qh4 Qc4 28. Qe7+ Kh6 29. Qxb7 Rb8 30. Qe7 Rfe8 31. Qa3 Rb3 32. Qa1 Reb8 33.
Qc1+ Kg7 34. Bxd5 exd5 35. Re7+ Kf6 36. Qh6 Rxb2 37. f4 Rxg2+ 38. Kxg2 Be4+ 39. R1xe4 Rb2+ 40.
Kg3 h4+ 41. Qxh4+ Kf5 42. Qg5# 1-0

[Event "Late-Titled-Tuesday-Blitz-October-10-2023"]
[Site "Chess.com"]
[Date "2023.10.10"]
[Round "6"]
[White "Javylavilla"]
[Black "isainz"]
[Result "1/2-1/2"]
[WhiteElo "2342"]
[BlackElo "2028"]
[TimeControl "180+1"]
[EndTime "15:02:04 PDT"]
[Termination "Game drawn by repetition"]

1. e4 e6 2. d4 d5 3. Nd2 c5 4. exd5 Qxd5 5. Ngf3 cxd4 6. Bc4 Qd6 7. O-O Nf6 8. Nb3 Nc6 9. Nbxd4 Nxd4 10. Nxd4 Bd7 11.
c3 Qc7 12. Qe2 O-O-O 13. a4 a6 14. b4 h5 15. Bg5 Ng4 16. g3 f6 17. Nxe6 Bxe6 18. Bxe6+ Kb8 19. Bf4 Bd6 20. Bxd6 Rxd6 21. Bxg4 hxg4 22. Qxg4 Qxc3 23. Qxg7 Rdd8 24. Rfc1 Qd4 25.
b5 Rxh2 26. Kxh2 Qxf2+ 27. Kh3 Qf5+ 28. g4 Rd3+ 29. Kh4 Qf2+ 30. Kh5 Rd5+ 31. Kg6 Rg5+ 32. Kf7 Rxg7+ 33. Kxg7 Qf4 34. Rg1 Qg5+ 35. Kf7 axb5 36. axb5 Qxb5 37. Kxf6 Qc6+ 38. Kf7 Qd7+ 39. Kf6 Qd6+ 40.
Kf7 Qd7+ 41. Kf6 Qd6+ 42. Kf7 Qd7+ 1/2-1/2

[Event "Late-Titled-Tuesday-Blitz-October-10-2023"]
[Site "Chess.com"]
[Date "2023.10.10"]
[Round "6"]
[White "tgpgoat"]
[Black "miraitrunks"]
[Result "1/2-1/2"]
[WhiteElo "2539"]
[BlackElo "2247"]
[TimeControl "180+1"]
[EndTime "15:02:05 PDT"]
[Termination "Game drawn by repetition"]

1. Nf3 c5 2. e3 Nc6 3. Be2 d5 4. O-O Nf6 5. b3 Bg4 6. Bb2 e6 7. d4 cxd4 8. Nxd4 Bxe2 9. Qxe2 Nxd4 10. Bxd4 Bd6 11. c4 O-O 12. Bb2 dxc4 13. Qxc4 Rc8 14. Qa4 Qc7 15. h3 Qc2 16. Bxf6 gxf6 17. Na3 Qc5 18. Nc4 b5 19. Qa6 bxc4 20. bxc4 Rc6 21. Qb7 Rb8 22. Qd7 Qxc4 23. Qxa7 Ra6 24. Qd7 Be5 25.
Rac1 Qxa2 26. f4 Rb2 27. Kh1 Bd6 28. Rc8+ Bf8 29. Qe7 Kg7 30. Rxf8 Rxg2 31. Qxf7+ Kh6 32. Qxf6+ Rg6 33. Qh4+ Kg7 34. Qe7+ Kh6 35. Qh4+ Kg7 36. Qe7+ Kh6 37. Qh4+ 1/2-1/2

[Event "Late-Titled-Tuesday-Blitz-October-10-2023"]
[Site "Chess.com"]
[Date "2023.10.10"]
[Round "6"]
[White "filipluczak05"]
[Black "schondeln"]
[Result "1-0"]
[WhiteElo "2607"]
[BlackElo "2396"]
[TimeControl "180+1"]
[EndTime "15:02:07 PDT"]
[Termination "filipluczak05 won by resignation"]

1. d4 d5 2. Nc3 Nf6 3. Bf4 c6 4. e3 Bf5 5. f3 h6 6. g4 Bh7 7. h4 Nbd7 8. g5 Nh5 9. Nh3 Qb6 10. Rb1 Nxf4 11. Nxf4 e5 12. Nh3 O-O-O 13. Kf2 Bd6 14. a3 Rhe8 15. b4 exd4 16. exd4 Be5 17. Ne2 Bb8 18. gxh6 gxh6 19. a4 Qc7 20. Nef4 Qd6 21.
Bd3 Bxd3 22. Qxd3 Qf6 23. Ng2 Re4 24. c3 Rde8 25. Rhe1 Rxe1 26. Rxe1 Rxe1 27. Kxe1 Nb6 28. Kf2 Nxa4 29. b5 Nb2 30. Qh7 cxb5 31. Qg8+ Kc7 32.
Nhf4 Qd8 33. Qxf7+ Qd7 34. Nxd5+ Kd6 35. Qg8 Qe6 36.
Qxb8+ Kxd5 37. Nf4+ 1-0

[Event "Late-Titled-Tuesday-Blitz-October-10-2023"]
[Site "Chess.com"]
[Date "2023.10.10"]
[Round "6"]
[White "KejJaj"]
[Black "Inepton_Fermion"]
[Result "0-1"]
[WhiteElo "2165"]
[BlackElo "2395"]
[TimeControl "180+1"]
[EndTime "15:02:07 PDT"]
[Termination "Inepton_Fermion won by checkmate"]

1. d4 Nf6 2. Bf4 e6 3. e3 h6 4. h3 d5 5. Nf3 Bd6 6. Bxd6 Qxd6 7. Ne5 O-O 8. Bd3 c5 9. c3 b6 10.
Qe2 Bb7 11. Nd2 Nc6 12. f4 Ne7 13. Qf3 a5 14. g4 Nd7 15. Rg1 f6 16. Ng6 Nxg6 17.
Bxg6 e5 18. h4 cxd4 19. f5 dxe3 20. Qxe3 d4 21. Qd3 Nc5 22. Qg3 dxc3 23. Qxc3 Nd3+ 24. Kd1 e4 25. g5 e3 26. gxh6 exd2 27. Qxd2 Nxb2+ 28. Kc1 Rac8+ 29. Qc2 Rxc2+ 30. Kxc2 Rc8+ 31. Kxb2 Qb4# 0-1

[Event "Late-Titled-Tuesday-Blitz-October-10-2023"]
[Site "Chess.com"]
[Date "2023.10.10"]
[Round "6"]
[White "Eloist"]
[Black "TheMagician"]
[Result "1-0"]
[WhiteElo "2439"]
[BlackElo "2212"]
[TimeControl "180+1"]
[EndTime "15:02:09 PDT"]
[Termination "Eloist won on time"]

1. e4 e5 2. Bc4 Nf6 3. d3 d6 4.
Nf3 Be7 5. O-O O-O 6. c3 c6 7. Bb3 Nbd7 8. Re1 Nc5 9. Bc2 Ne6 10. Nbd2 Nd7 11. Nf1 Ng5 12. d4 Nxf3+ 13. Qxf3 Bf6 14. Be3 Bg5 15. Rad1 a5 16. Rd2 Bxe3 17. Nxe3 g6 18. Red1 Qe7 19. dxe5 Nxe5 20. Qg3 Be6 21. Rxd6 Nc4 22.
Nxc4 Bxc4 23. Rd7 Qe6 24. R1d6 Qe8 25. b3 Ba6 26. c4 a4 27. e5 axb3 28. axb3 f6 29.
e6 b5 30. Qh4 1-0